 Dungeon Crawl Stone Soup version 0.24.1-11-gbbbb2193e6 (webtiles) character file.

Game seed: 2069298873214095992, levelgen mode: deterministic

66 Peloso the Shield-Bearer (level 3, 0/29 HPs)
             Began as a Demonspawn Fighter on May 12, 2020.
             Was an Initiate of Okawaru.
             Slain by a jackal (1 damage)
             ... on level 1 of the Dungeon.
             The game lasted 00:04:27 (1343 turns).

Peloso the Shield-Bearer (Demonspawn Fighter)       Turns: 1343, Time: 00:04:28

Health: 0/29       AC:  6    Str: 17    XL:     3   Next: 96%
Magic:  3/3        EV:  7    Int:  9    God:    Okawaru [......]
Gold:   78         SH:  9    Dex: 12    Spells: 2/2 levels left

rFire    x . .     SeeInvis .   b - -2 spear (curse)
rCold    + . .     Gourm    .   c - +0 shield
rNeg     . . .     Faith    .   i - +0 scale mail
rPois    .         Spirit   .   (no helmet)
rElec    .         Reflect  .   (no cloak)
rCorr    .         Harm     .   (no gloves)
MR       .....                  (no boots)
Stlth    ..........             (no amulet)
HPRegen  0.09/turn              e - ring of ice
MPRegen  0.08/turn              g - ring of attention (curse)

@: no status effects
A: powered by death 1
a: Renounce Religion


You were on level 1 of the Dungeon.
You worshipped Okawaru.
Okawaru was noncommittal.
You were very hungry.

You visited 1 branch of the dungeon, and saw 2 of its levels.

You collected 78 gold pieces.

Inventory:

Hand Weapons
 a - a +0 long sword
 b - a cursed -2 spear (weapon)
Armour
 c - a +0 shield (worn)
 i - a +0 scale mail (worn)
Jewellery
 e - a ring of ice (left hand)
 g - a cursed ring of attention (right hand)
Scrolls
 h - a scroll of identify
Potions
 d - a potion of might
Comestibles
 f - 5 rations


   Skills:
 + Level 3.2 Fighting
 + Level 2.2 Long Blades
 + Level 0.2 Polearms
 + Level 3.1 Armour
 + Level 0.8 Dodging
 + Level 3.4 Shields


You had 2 spell levels left.
You didn't know any spells.
Your spell library was empty.

Dungeon Overview and Level Annotations

Branches:
Dungeon (2/15)

Altars:
Okawaru


Innate Abilities, Weirdness & Mutations

You regenerate a little health from kills.


Message History

You hit the jackal but do no damage. The jackal bites you.
* * * LOW HITPOINT WARNING * * *
The jackal barely misses you.
You barely miss the jackal. The jackal bites you.
* * * LOW HITPOINT WARNING * * *
Your shield and scale mail prevent you from hitting the jackal.
The jackal barely misses you. You block the jackal's attack.
Your shield and scale mail prevent you from hitting the jackal.
The jackal barely misses you.
You miss the jackal.
The jackal bites you but does no damage.
You block the jackal's attack.
Your shield prevents you from hitting the jackal.
The jackal barely misses you. You block the jackal's attack.
You closely miss the jackal. The jackal bites you.
* * * LOW HITPOINT WARNING * * *
You hit the jackal.
The jackal is almost dead.
You block the jackal's attack. The jackal bites you.
You die...

######## ###
##......###########.#
.##+##..'.......@h..###
.#≈≈≈#..######........#
.'≈≈≈+..# #.##.....#
.#≈≈≈#### #.##.....# .##+##
#........# ....# #....#...#
...###### #........#
........######........#####
..#####.##................#


You could see a jackal.

Vanquished Creatures
  An adder (D:2)
  An ooze (D:1)
  A worm (D:2)
  A dart slug (D:2)
  4 leopard geckos
  4 giant cockroaches
  2 goblins (D:1)
  6 hobgoblins
  7 kobolds
  3 ball pythons
  10 bats
  A frilled lizard (D:1)
  A rat (D:1)
42 creatures vanquished.

Notes
Turn   | Place    | Note
-------+----------+-------------------------------------------
     0 | D:1      | Peloso the Demonspawn Fighter began the quest for the Orb.
     0 | D:1      | Reached XP level 1. HP: 18/18 MP: 1/1
    72 | D:1      | Gained mutation: You regenerate a little health from kills.
                  | [demonic ancestry]
    72 | D:1      | Reached XP level 2. HP: 23/24 MP: 2/2
   412 | D:1      | Found an iron altar of Okawaru.
   436 | D:1      | Became a worshipper of Warmaster Okawaru
   510 | D:1      | Reached XP level 3. HP: 16/29 MP: 3/3
  1342 | D:1      | HP: 1/29 [jackal (3)]
  1343 | D:1      | Slain by a jackal

Levels and vault maps discovered:
D:1:      dpeg_arrival_radiant, layout_basic, minmay_liquid_box,
          okawaru_ov_weapons_minmay
D:2:      layout_loops_ring, lemuel_coloured_pillars_altar, first_ration

Skill      XL: |  1  2  3 |
---------------+----------+-----
Long Blades    | 2 |  2.2
Shields        | 3 |  3.4
Armour         | 3 |  3.1
Fighting       | |  3.2
Polearms       | |  0.2
Dodging        | |  0.8

Action                   || total
-------------------------++-------
Melee: Long sword        ||    86
       Spear             ||   211
  Use: Scroll            ||     1
  Eat: Chunk             ||     1
Armor: Scale mail        ||   132
Dodge: Dodged            ||    91
Block: Shield            ||   178
       Rpst.: Long sword ||     6
